Map: Desvio para o Azul LE

Players

Vicster - Winner!

  • Race: Terran Terran
  • League: Gold
  • Spawn Location: 7:00

Syon

  • Race: Terran Terran
  • Spawn Location: 1:00

VOD

Have the link to the VOD?

Description

Time

  • Played on: Jan. 5, 2019, 1:15 p.m.
  • Length: 7:26
Show
View Real Time Build Order
Export as new Build Order

Vicster Terran - Winner!

Build Orders:  

Get SALT Encoding   

  12  0:01  SCV  
  13  0:13  SCV  
  14  0:17  Supply Depot  
  14  0:25  SCV  
  14  0:28  Refinery  
  15  0:39  SCV  
  16  0:48  Barracks  
  16  0:51  SCV  
  17  0:59  Refinery  
  17  1:03  SCV  
  18  1:15  SCV  
  19  1:27  SCV  
  20  1:37  Supply Depot  
  20  1:39  SCV  
  21  1:43  Reaper  
  22  1:51  SCV  
  23  1:58  Factory  
  23  2:07  SCV  
  24  2:09  Supply Depot  
  24  2:17  Barracks Reactor  
  24  2:26  Orbital Command  
  24  2:37  Supply Depot  
  24  2:42  Factory Tech Lab  
  24  2:44  Starport  
  24  2:51  SCV  
  24  2:57  Marine  
  26  3:01  Supply Depot  
  26  3:03  SCV  
  27  3:06  Siege Tank  
  30  3:15  Marine x2  
  30  3:16  SCV  
  33  3:23  Supply Depot  
  33  3:27  Starport Reactor  
  33  3:28  SCV  
  33  3:34  Barracks  
  34  3:35  Marine  
  34  3:37  Marine  
  34  3:40  SCV  
  37  3:48  Supply Depot  
  37  3:52  SCV  
  37  3:53  Marine  
  39  4:02  Siege Tank  
  42  4:04  SCV  
  43  4:17  Marine x2  
  43  4:18  Medivac  
  43  4:19  SCV  
  48  4:25  Supply Depot  
  48  4:28  Barracks Tech Lab  
  48  4:30  Barracks  
  48  4:31  SCV  
  49  4:54  Marine x2  
  49  4:55  Siege Tank  
  49  4:59  Medivac x2  
  58  5:01  Marine, Stimpack  
  59  5:15  SCV  
  59  5:16  Command Center  
  59  5:21  Supply Depot  
  60  5:32  Supply Depot  
  60  5:36  Engineering Bay  
  60  5:40  Siege Tank  
  60  5:41  Marine  
  64  5:43  Barracks Tech Lab  
  61  6:09  Medivac  
  63  6:11  Marine x2  
  63  6:12  Marine, Siege Tank  
  63  6:13  Marauder  
  71  6:20  SCV  
  71  6:21  Supply Depot  
  72  6:30  Marauder  
  74  6:34  Marauder  
  76  6:56  Missile Turret  
Show
View Real Time Build Order
Export as new Build Order

Syon Terran 

Build Orders:  

Get SALT Encoding   

  12  0:01  SCV  
  13  0:13  SCV  
  14  0:20  Supply Depot  
  14  0:25  SCV  
  15  0:42  SCV  
  16  0:43  Barracks  
  16  0:50  Refinery  
  16  0:54  SCV  
  17  1:09  SCV  
  18  1:30  Orbital Command  
  18  1:33  Supply Depot  
  18  1:39  Barracks Tech Lab  
  18  1:42  Refinery  
  18  1:48  Barracks  
  18  2:00  Marine  
  19  2:04  Stimpack  
  19  2:14  SCV  
  19  2:15  Barracks  
  20  2:18  Marine  
  20  2:35  SCV  
  21  2:41  Factory  
  21  2:43  Marauder  
  23  2:45  Barracks Reactor  
  23  2:47  SCV  
  23  2:51  Supply Depot  
  24  2:59  SCV  
  24  3:04  Barracks Tech Lab  
  25  3:07  Marauder  
  25  3:11  SCV  
  28  3:29  SCV  
  28  3:30  Combat Shield  
  28  3:32  Factory Reactor  
  29  3:36  Starport  
  29  3:37  Marine  
  29  3:38  Marine  
  29  3:39  Marine  
  29  3:41  SCV  
  33  3:42  Marine  
  34  3:48  Supply Depot  
  34  3:51  Factory Reactor  
  34  3:57  SCV  
  34  4:28  Starport Tech Lab  
  34  4:33  Command Center  
  34  4:35  SCV  
  35  4:39  Factory Tech Lab  
  35  4:42  Marine x2  
  35  4:43  Marine x2  
  39  5:00  SCV  
  39  5:01  Siege Tank  
  43  5:10  Supply Depot  
  43  5:14  SCV, Engineering Bay  
  44  5:21  Banshee  
  44  5:25  Cloaking Field  
  47  5:33  SCV  
  48  5:48  Starport  
  48  5:54  SCV  
  51  5:57  Orbital Command  
  49  6:01  Marauder  
  37  6:14  Banshee  
  40  6:25  SCV x2  
  42  6:38  SCV x2  
  44  6:40  Sensor Tower  
  44  6:41  Sensor Tower  
Tags
 
League
Gold
Matchup
TvT
Race
Terran
Replay Pack
Vicster replay
Spawn Locations
Cross Positions
Add a new tag
Caveats
  • Supply blocks, unpowered buildings, or Contaminate may cause inaccurate times.
  • Supply counts are checked every 10 seconds.